Map: Central Protocol

Players

Gus - Winner!

  • Race: Zerg Zerg
  • League: Gold

LilDicky

  • Race: Terran Terran
  • League: Platinum

VOD

http://www.twitch.tv/tumescentpie

Description

Time

  • Played on: Nov. 21, 2015, 5:39 p.m.
  • Length: 4:19
Show
View Real Time Build Order
Export as new Build Order

Gus Zerg - Winner!

Build Orders: Pool First 

Get SALT Encoding   

  12  0:02  Extractor  
  11  0:23  Spawning Pool  
  10  0:29  Drone  
  11  0:39  Overlord  
  11  1:10  Zergling x6  
  14  1:13  Metabolic Boost  
  14  1:24  Zergling x2  
  15  1:34  Queen  
  17  1:45  Drone  
  17  1:46  Drone  
  19  1:55  Drone  
  20  2:05  Drone  
  21  2:29  Overlord x2  
  17  3:14  Hatchery  
  16  3:22  Hatchery  
  15  3:30  Zergling x2  
  15  3:31  Zergling x12  
  22  3:42  Drone, Extractor  
  22  3:49  Drone  
  23  4:02  Drone x3  
Show
View Real Time Build Order
Export as new Build Order

LilDicky Terran 

Build Orders: Command Center First (CC) 

Get SALT Encoding   

  12  0:01  SCV  
  13  0:13  SCV  
  14  0:20  Supply Depot  
  14  0:25  SCV  
  15  0:41  SCV  
  16  0:53  SCV  
  17  1:06  Command Center, SCV  
  18  1:18  Barracks  
  18  1:21  SCV  
  19  1:26  Refinery  
  19  1:33  SCV  
  20  1:45  SCV  
  21  1:57  SCV  
  22  2:05  Marine  
  23  2:09  Orbital Command  
  23  2:14  Barracks  
  23  2:20  Orbital Command  
  19  2:30  Marine  
  15  2:47  SCV x2  
  16  2:55  Orbital Command  
  15  2:59  SCV  
  15  3:03  Marine  
  17  3:11  Bunker  
  17  3:13  SCV  
  18  3:24  SCV  
  18  3:26  SCV  
  20  3:44  SCV x2  
  20  3:48  Command Center  
  22  3:52  Marine  
  22  3:54  Marine  
  24  3:56  SCV  
  24  4:00  SCV  
  24  4:02  Factory  
Tags
 
Add a new tag
Caveats
  • Supply blocks, unpowered buildings, or Contaminate may cause inaccurate times.
  • Supply counts are checked every 10 seconds.